AoeStats
← Chupalla

Black Forest

505125035Analyzed
4v4 RM · 24d ago on Sep 7, 2026· 66m 7s· 8 players
Game mode
Random Map
Map size
Large (8 player)
Population
200
Speed
Normal
Resources
Standard
Victory
Conquest
Starting age
Dark Age
Ending age
Imperial Age
RankedLock teamsTeams togetherTeam positionsShared explorationLock speedFull tech treeHidden civsTurbo modeCheats
Victory
Defeat
🇨🇱 Persians · Chile
795
+24
🇦🇷 Cumans · Argentina
730
+12
🇧🇷 Khmer · Brazil
703
+13
🇨🇦 Chinese · Canada
686
+14
🇺🇸 Tupi · United States
818
-18
🇨🇱 Spanish · Chile
601
-11
🇨🇱 Maya · Chile
591
-10
🇨🇱 Franks · Chile
591
-10
Capitão Davy Jones
2:21 Loom
18:21 Feudal Age
18:57 Double-Bit Axe
18:56 Horse Collar
25:10 Castle Age
23:33 Gold Mining
23:40 Stone Mining
25:35 Arson
28:25 Heavy Plow
30:02 Bow Saw
32:03 Caravan
33:19 Tusk Swords
34:53 Wheelbarrow
34:50 Ballistics
40:41 Imperial Age
40:11 Fortified Wall
39:52 Heated Shot
40:58 Hand Cart
42:20 Gold Shaft Mining
42:21 Stone Shaft Mining
42:27 Conscription
43:39 Double Crossbow
47:03 Chemistry
47:19 Elite Ballista Elephant
56:08 Siege Engineers
Triumph
0:53 Loom
16:08 Feudal Age
18:25 Fletching
18:35 Padded Archer Armor
19:21 Double-Bit Axe
19:20 Horse Collar
26:17 Castle Age
29:34 Bow Saw
29:18 Gold Mining
29:20 Stone Mining
33:45 Heavy Plow
35:31 Gold Mining
35:32 Stone Mining
37:58 Gold Shaft Mining
37:58 Stone Shaft Mining
37:30 Caravan
37:20 Town Watch
38:12 Wheelbarrow
37:54 Fortified Wall
37:55 Masonry
38:07 Ballistics
38:05 Heated Shot
38:55 Murder Holes
43:08 Imperial Age
40:56 Hand Cart
40:51 Bodkin Arrow
44:52 Chemistry
44:23 Architecture
43:57 Bracer
44:12 Leather Archer Armor
44:03 Town Patrol
45:07 Two-Man Saw
43:36 Heavy Rocket Cart
44:45 Conscription
45:11 Elite Chu Ko Nu
46:55 Rocketry
49:20 Ring Archer Armor
48:40 Arrowslits
CeoF
11:51 Feudal Age
13:19 Loom
18:16 Castle Age
17:21 Double-Bit Axe
17:18 Horse Collar
20:57 Wheelbarrow
25:30 Bow Saw
26:31 Heavy Plow
27:29 Hand Cart
27:55 Gold Mining
27:56 Stone Mining
33:43 Imperial Age
31:59 Forging
31:49 Scale Mail Armor
31:54 Scale Barding Armor
31:40 Fletching
31:50 Padded Archer Armor
32:12 Ballistics
32:03 Masonry
31:48 Murder Holes
32:32 Gold Shaft Mining
32:33 Stone Shaft Mining
32:34 Town Watch
33:24 Town Patrol
33:33 Caravan
35:29 Two-Man Saw
35:03 Crop Rotation
35:41 Iron Casting
35:21 Chain Mail Armor
35:27 Chain Barding Armor
38:10 Architecture
38:41 Chemistry
38:44 Blast Furnace
37:08 Elite War Elephant
38:02 Bloodlines
37:52 Husbandry
39:08 Conscription
39:03 Citadels
49:04 Plate Barding Armor
49:00 Plate Mail Armor
48:25 Bodkin Arrow
48:45 Leather Archer Armor
Melosito
17:11 Feudal Age
22:34 Double-Bit Axe
27:07 Castle Age
27:03 Fletching
27:19 Scale Barding Armor
28:02 Wheelbarrow
27:12 Town Watch
28:56 Bow Saw
28:39 Gold Mining
28:40 Stone Mining
29:07 Horse Collar
29:25 Bodkin Arrow
33:24 Hand Cart
33:10 Town Patrol
33:35 Chain Barding Armor
34:43 Heavy Plow
36:11 Caravan
36:53 Ballistics
39:26 Imperial Age
37:16 Bloodlines
39:49 Gold Shaft Mining
39:30 Elite Kipchak
40:35 Conscription
41:27 Chemistry
42:09 Murder Holes
42:25 Masonry
42:44 Parthian Tactics
43:02 Plate Barding Armor
53:09 Forging
52:24 Cavalier
53:40 Paladin
56:28 Iron Casting
56:50 Light Cavalry
59:50 Blast Furnace
60:34 Crop Rotation
60:10 Hussar
Snow Mun
2:22 Loom
20:56 Feudal Age
21:42 Town Watch
22:36 Wheelbarrow
26:41 Castle Age
29:34 Thumb Ring
29:25 Fletching
29:36 Padded Archer Armor
31:36 Husbandry
31:48 Bloodlines
31:00 Light Cavalry
31:52 Scale Barding Armor
32:08 Leather Archer Armor
31:49 Bodkin Arrow
32:21 Horse Collar
32:29 Double-Bit Axe
32:37 Stone Mining
32:38 Gold Mining
34:20 Heavy Plow
34:34 Bow Saw
35:07 Stone Shaft Mining
34:32 Pikeman
35:23 Squires
41:20 Imperial Age
41:27 Chain Barding Armor
43:23 Chemistry
42:52 Ballistics
43:17 Fortified Wall
43:09 Murder Holes
43:26 Masonry
47:45 Cavalier
50:24 Halberdier
55:15 Two-Man Saw
Danphont
12:21 Feudal Age
12:52 Double-Bit Axe
20:42 Castle Age
24:30 Horse Collar
25:09 Bow Saw
26:39 Fletching
26:52 Padded Archer Armor
28:15 Wheelbarrow
27:46 Town Watch
31:28 Arson
31:44 Squires
33:16 Loom
34:23 Gold Mining
34:30 Stone Mining
34:33 Eagle Warrior
35:38 Scale Mail Armor
35:52 Forging
36:50 Heavy Plow
38:33 Hand Cart
42:37 Imperial Age
40:35 Hul'che Javelineers
42:09 Caravan
43:24 Iron Casting
42:51 Scale Mail Armor
44:07 Holcans
45:33 Ballistics
46:18 Chemistry
46:20 Masonry
45:52 Treadmill Crane
45:40 Elite Plumed Archer
47:05 Conscription
46:47 Bodkin Arrow
47:09 Leather Archer Armor
48:08 Capped Ram
48:25 Elite Eagle Warrior
49:28 Scale Mail Armor
52:09 Siege Ram
54:39 Thumb Ring
56:28 Bracer
略微出手已是段位极限
2:02 Loom
14:23 Feudal Age
14:51 Double-Bit Axe
20:02 Gold Mining
20:25 Stone Mining
23:13 Castle Age
21:08 Horse Collar
25:41 Wheelbarrow
25:55 Town Watch
26:40 Bow Saw
31:23 Gold Shaft Mining
30:51 Heavy Plow
33:03 Hand Cart
37:22 Imperial Age
35:06 Treadmill Crane
35:47 Ballistics
35:22 Murder Holes
35:20 Fletching
35:32 Padded Archer Armor
37:05 Bodkin Arrow
37:25 Leather Archer Armor
37:36 Caravan
39:13 Two-Man Saw
38:38 Conscription
39:02 Bracer
39:33 Ring Archer Armor
40:06 Chemistry
40:38 Forging
40:28 Scale Mail Armor
40:32 Elite Blackwood Archer
41:18 Curare
42:46 Squires
42:32 Arson
42:08 Champi Runner
42:10 Elite Ibirapema Warrior
44:28 Onager
45:57 Hoardings
45:29 Caciques
46:02 Iron Casting
45:43 Chain Mail Armor
47:51 Coinage
47:37 Pikeman
49:16 Plate Mail Armor
48:14 Halberdier
63:28 Champi Warrior
Chupalla
2:42 Loom
12:41 Feudal Age
13:07 Double-Bit Axe
27:26 Castle Age
27:29 Wheelbarrow
28:19 Bow Saw
28:07 Gold Mining
27:46 Pikeman
29:12 Squires
29:32 Town Watch
32:08 Elite Skirmisher
33:49 Stone Mining
34:39 Scale Barding Armor
34:35 Scale Mail Armor
34:47 Forging
35:17 Husbandry
36:11 Ballistics
38:38 Hand Cart
43:28 Imperial Age
41:38 Chain Barding Armor
42:02 Iron Casting
Connection lost

Rejoining the realm…

Still unreachable

The connection could not be restored.

Session expired

The server has moved on; the page needs a fresh start.